 Dungeon Crawl Stone Soup version 0.32-a0-391-gce5c0aab1b (webtiles) character file.

Game seed: 4107052196361413789

13 shadowstone the Trooper (level 2, -4/24 HPs)
             Began as a Coglin Cinder Acolyte on Feb 19, 2024.
             Was a High Priest of Ignis.
             Slain by a gnoll
             ... wielding a +0 flail
              (5 damage)
             ... on level 1 of the Dungeon.
             The game lasted 00:01:05 (301 turns).

shadowstone the Trooper (Coglin Cinder Acolyte)      Turns: 301, Time: 00:01:06

Health: -4/24      AC:  2    Str: 14    XL:     2   Next: 37%
Magic:  3/3        EV: 11    Int: 13    God:    Ignis [*****.]
Gold:   22         SH:  0    Dex:  9    Spells: 3/3 levels left

rFire   + . .        a - -1 falchion (flame) {Kanchana}
rCold   . . .        (no shield)
rNeg    . . .        b - +0 robe
rPois   .            (no helmet)
rElec   .            (no cloak)
rCorr   .            (no gloves)
SInv    .            (no boots)
Will    .....        (no amulet)
Stlth   +            (no ring)
HPRegen 0.24/turn    (no ring)
MPRegen 0.08/turn

%: no passive effects
@: revving, stiff-legged, very slow
A: off-hand wielding, slow wielding, warmup strikes, warmup strides
a: Renounce Religion, Fiery Armour, Foxfire Swarm, Rising Flame


You were on level 1 of the Dungeon.
You worshipped Ignis.
Ignis was extremely pleased with you.
You visited 1 branch of the dungeon, and saw 1 of its levels.

You collected 22 gold pieces.

Inventory:

Hand Weapons
 a - a -1 falchion of flaming (weapon) {Kanchana}
Armour
 b - a +0 robe (worn)
Scrolls
 c - a scroll of fear {unknown}


   Skills:
 + Level 3.2 Fighting
 + Level 3.1 Long Blades
 + Level 1.0 Spellcasting
 + Level 3.0 Fire Magic


You had 3 spell levels left.
You didn't know any spells.
Your spell library contained the following spells:

 Spells                   Type           Power      Damage    Failure   Level
 Scorch                   Fire           16%        2d5       12%         2


Dungeon Overview and Level Annotations

Branches:
Dungeon (1/15)

Altars:


Innate Abilities, Weirdness & Mutations

You can wield a second weapon in your off-hand.
It takes a long time for you to wield or remove held weapons.
Your first few attacks do less damage.
Your first movements take longer.


Message History

You hit the frilled lizard. You burn the frilled lizard.
You kill the frilled lizard!
You see here a frilled lizard corpse.
A rat comes into view.
Found a manual of Ranged Weapons.
The rat squeaks loudly.
A rat is nearby!
A rat is nearby!
Something unseen opens the door.
A gnoll comes into view. It is wielding a +0 flail.
You completely miss the rat.
The gnoll shouts!
A kobold comes into view. It is wielding a +0 short sword.
The rat closely misses you.
The kobold shouts!
You hit the rat but do no damage. The rat bites you but does no damage.
The rat closely misses you. x2
Found a stone staircase leading down.
The rat bites you. The kobold hits you but does no damage.
The gnoll barely misses you.
You hit the gnoll but do no damage. The rat bites you.
The kobold hits you with a +0 short sword.
The gnoll closely misses you. The rat bites you. The gnoll closely misses you.
The rat bites you. The kobold closely misses you.
The gnoll hits you with a +0 flail. The kobold barely misses you.
The gnoll barely misses you. The gnoll hits you with a +0 flail!
* * * LOW HITPOINT WARNING * * *
The rat attacks as it pursues you! The rat bites you.
* * * LOW HITPOINT WARNING * * *
Found a scroll labelled FEXINKONYI.
The kobold misses you. The gnoll completely misses you.
You barely miss the gnoll. The rat closely misses you.
The kobold closely misses you. The gnoll barely misses you.
You barely miss the gnoll. The rat bites you.
* * * LOW HITPOINT WARNING * * *
The kobold hits you with a +0 short sword.
* * * LOW HITPOINT WARNING * * *
The gnoll hits you with a +0 flail.
You die...
Ignis goes out, and joins you in death.

....... ...............
....... ...............
....... #.#.#####...[.#
.......###.#.#...#.....#
#.........#.#.ß.#.....#
#...........#...#.....#
?#.........#.#####.....#
.......gK..#.#####.###.#
.......@r..#.......#....
.##........#######.##...
..'.......:...# #.##..#
###........##.# #.##..#
#.......... # #.##..#
#......>.##. #.....#
#........# # ####...
#........# ####


You could see a gnoll, a kobold and a rat.

Vanquished Creatures
  A giant cockroach (D:1)
  A hobgoblin (D:1)
  2 jackals (D:1)
  A kobold (D:1)
  A ball python (D:1)
  A frilled lizard (D:1)
7 creatures vanquished.

Notes
Turn   | Place    | Note
-------+----------+-------------------------------------------
     0 | D:1      | shadowstone the Coglin Cinder Acolyte began the quest for
                  | the Orb.
     0 | D:1      | Reached XP level 1. HP: 18/18 MP: 2/2
   124 | D:1      | Reached XP level 2. HP: 22/24 MP: 3/3
   301 | D:1      | HP: 1/24 [kobold/+0 short sword (4)]
   301 | D:1      | Slain by a gnoll

Illustrated notes

Levels and vault maps discovered:
D:1:      minmay_arrival_glassed_features, layout_basic, serial_shops, shop,
          minmay_tetromino_t2

Skill      XL: |  1 |
---------------+----+-----
Fire Magic     | 3 |  3.0
Fighting       | |  3.2
Long Blades    | |  3.1
Spellcasting   | |  1.0

Action                     || total
---------------------------++-------
  Melee: Falchion          ||    35
 Armour: Robe              ||    42
  Dodge: Dodged            ||    52

Table legend: (Time is in decaauts)
 A = Elapsed time spent in this place.
 B = Non-inter-level travel time spent in this place.
 C = Inter-level travel time spent in this place.
 D = Time resting spent in this place.
 E = Time spent auto-exploring this place.
 F = Levels seen in this place.
 G = Mean time per level.
                   A        B        C        D        E       F      G
               +--------+--------+--------+--------+--------+-----+--------+
         Total |    317 |    317 |      0 |     62 |     68 |   1 |  317.0 |
       Dungeon |    317 |    317 |      0 |     62 |     68 |   1 |  317.0 |
               +--------+--------+--------+--------+--------+-----+--------+

Top non-repeatable levels by time:
     D:1: 317 daAuts
